 Dungeon Crawl Stone Soup version 0.19.5 (webtiles) character file.

1082 airbag the Slasher (level 8, -3/54 HPs)
             Began as a Demonspawn Chaos Knight on Apr 19, 2017.
             Slain by Duvessa
             ... wielding a +5 short sword of speed
              (20 damage)
             ... on level 6 of the Dungeon on Apr 20, 2017.
             The game lasted 01:20:33 (5706 turns).

airbag the Slasher (Demonspawn Chaos Knight)        Turns: 5706, Time: 01:20:34

Health: -3/54      AC:  8    Str: 11    XL:     8   Next: 8%
Magic:  8/8        EV: 13    Int:  9    God:    Xom [.*....]
Gold:   205        SH:  3    Dex: 17    Spells: 2 memorised, 5 levels left

rFire  . . .     SeeInvis +     B - +1 rapier (speed)
rCold  . . .     Gourm    .     b - +3 leather armour
rNeg   . . .     Faith    .     (no shield)
rPois  .         Spirit   .     (helmet restricted)
rElec  .         Reflect  +     (no cloak)
rCorr  +         Harm     .     h - +0 pair of gloves
MR     .....                    (no boots)
Stlth  ++........               e - +3 amulet of reflection
                                (no ring)
                                v - ring of resist corrosion

@: no status effects
A: antennae 1, see invisible, agile 1, dopey 2, frail 1, powered by pain 2,
shaggy fur 1, weak 1
a: Renounce Religion


You were on level 6 of the Dungeon.
You worshipped Xom.
You were a plaything of Xom.
You were not hungry.

You visited 1 branch of the dungeon, and saw 6 of its levels.
You also visited: Sewer.

You collected 205 gold pieces.

Inventory:

Hand Weapons
 a - a +0 falchion of chaos
 k - a +2 dagger of electrocution
 m - a +0 blowgun
 n - a cursed -2 short sword
 B - a +1 rapier of speed (weapon)
Missiles
 d - 48 arrows
 q - 21 poisoned needles
 D - a javelin of returning (quivered)
Armour
 b - a +3 leather armour (worn)
 h - a +0 pair of gloves (worn)
 l - a cursed -2 robe
 y - a +0 pair of boots
Jewellery
 e - a +3 amulet of reflection (around neck)
 v - a ring of resist corrosion (left hand)
 E - the ring of Picokiorr {rCorr rC- Str+2 Int+4, unknown}
   (You found it on level 6 of the Dungeon)

   [ring of resist corrosion]

   It affects your strength (+2).
   It affects your intelligence (+4).
   It makes you vulnerable to cold.
Wands
 f - a wand of polymorph (2/24)
 j - a wand of confusion (33/48)
 p - a wand of random effects (29/48)
 G - a wand of polymorph (17/24)
 H - a wand of flame (15/48)
Scrolls
 t - a scroll of fog
 u - a scroll of teleportation
 F - a scroll of magic mapping
Potions
 i - a potion of curing
 r - a potion of flight
 C - a potion of haste
Books
 w - a book of Misfortune

   Spells                             Type                      Level
   a - Confusing Touch                Hexes                        1
   b - Confuse                        Hexes                        3
   c - Gell's Gravitas                Hexes/Translocation          3
   d - Petrify                        Transmutation/Earth          4
   e - Metabolic Englaciation         Hexes/Ice                    5
   f - Yara's Violent Unravelling     Hexes/Transmutation          5
 x - a book of Frost

   Spells                             Type                      Level
   a - Freeze                         Ice                          1
   b - Throw Frost                    Conjuration/Ice              2
   c - Ozocubu's Armour               Charms/Ice                   3
   d - Throw Icicle                   Conjuration/Ice              4
   e - Summon Ice Beast               Ice/Summoning                4
Comestibles
 c - 2 bread rations
 g - a royal jelly
 o - 10 fruits
 z - 2 meat rations
 A - 5 chunks of flesh


   Skills:
 + Level 4.0 Fighting
 + Level 3.3(4.5) Short Blades
 + Level 4.6(5.2) Long Blades
 + Level 1.7 Throwing
 * Level 3.8 Armour
 + Level 2.8 Dodging
 * Level 2.2 Stealth
 + Level 0.1 Unarmed Combat
 + Level 0.3 Spellcasting
 * Level 1.7 Hexes
 * Level 1.9 Ice Magic
 + Level 0.2 Evocations


You had 5 spell levels left.
You knew the following spells:

 Your Spells              Type           Power        Failure   Level  Hunger
a - Freeze                Ice            #...         24%         1    ##.....
b - Confusing Touch       Hex            #.....       28%         1    ##.....


Dungeon Overview and Level Annotations

Branches:
Dungeon (6/15)             Temple (0/1) D:5

Altars:
Sif Muna
Vehumet
Xom
Yredelemnul
Zin

Shops:
D:4 [

Annotations:
D:6 Duvessa


Innate Abilities, Weirdness & Mutations

You have a pair of small antennae on your head.
You sometimes gain power by taking damage.
You have supernaturally acute eyesight. (SInv)
You are agile. (Dex +2)
You are very dopey. (Int -4)
You are frail. (-10% HP)
You are covered in fur. (AC +1)
You are weak. (Str -2)


Message History

A shower of butterflies erupts from you!
Okay, then.
Zapping:
f - a wand of polymorph (3/24)
Press: ? - help, Shift-Dir - straight line, f/p - Duvessa
Aim: Duvessa, wielding a short sword of speed and wearing a leather armour (moderately wounded, berserk, fast, unusually strong, chance to defeat MR: 28%) Duvessa easily resists.
This wand has 2 charges left.
Duvessa hits you but does no damage.
Duvessa hits you with a short sword of speed!
* * * LOW HITPOINT WARNING * * *
You swap places.
You feel better. Duvessa barely misses you. Duvessa closely misses you.
Zapping:
j - a wand of confusion (will waste charges)
Press: ? - help, Shift-Dir - straight line, f/p - Duvessa
Aim: Duvessa, wielding a short sword of speed and wearing a leather armour (moderately wounded, berserk, fast, unusually strong, chance to defeat MR: 28%) Duvessa easily resists.
Evoking this partially-identified wand wasted a few charges.
Duvessa misses you.
Duvessa hits you with a short sword of speed!!
You die...
Xom howls with laughter!

##.# #... ##..## #..#
##....## #..# #......###
#... #........## #..
#....[.b..## ##_.
#....b.....## ###.>.
#.....[b..b.#### ##.....
#........@e.._.#####_.b...
#........>......)....._...
##############.####.b.####
### #####


You could see Duvessa (berserk).

Vanquished Creatures
  2 ice beasts (D:5)
  2 bullfrogs (D:5)
  A big kobold (Sewer)
  A water moccasin zombie (D:6)
  Dowan (D:6)
  A scorpion (D:4)
  A howler monkey (D:5)
  A jelly (D:6)
  An orc wizard (D:4)
  A centaur skeleton (D:4)
  2 orc priests (D:4)
  Jessica (D:2)
  Terence (D:2)
  5 worker ants
  A hound skeleton (D:4)
  4 gnolls
  5 adders
  3 oozes (D:3)
  A worm (D:2)
  A dart slug (D:1)
  A leopard gecko (D:1)
  6 orcs
  3 giant cockroaches
  5 goblins
  7 hobgoblins
  9 jackals
  A quokka (D:6)
  6 bats
  5 frilled lizards
  A jackal skeleton (D:4)
  A kobold (shapeshifter) (D:1)
  10 kobolds
  10 rats
101 creatures vanquished.

Vanquished Creatures (collateral kills)
  2 orcs (D:4)
2 creatures vanquished.

Grand Total: 103 creatures vanquished

Notes
Turn   | Place    | Note
-------+----------+-------------------------------------------
     0 | D:1      | airbag the Demonspawn Chaos Knight began the quest for the Orb.
     0 | D:1      | Reached XP level 1. HP: 18/18 MP: 1/1
   360 | D:1      | XOM: harmless Summ miscast
   487 | D:1      | Gained mutation: You sometimes gain a little power by taking damage. [demonic ancestry]
   487 | D:1      | Reached XP level 2. HP: 17/24 MP: 2/2
   693 | D:1      | XOM: polymorph leopard gecko -> jackal
   936 | D:1      | Gained mutation: You are dopey. (Int -2) [potion of mutation]
   936 | D:1      | Gained mutation: Scrolls take you a little longer to read. [potion of mutation]
   936 | D:1      | Gained mutation: You have a pair of small horns on your head. [potion of mutation]
   998 | D:2      | Noticed Jessica
  1012 | D:2      | Killed Jessica
  1012 | D:2      | Reached skill level 1 in Dodging
  1012 | D:2      | Reached XP level 3. HP: 29/29 MP: 3/3
  1103 | D:2      | XOM: cast spell 'Necromutation'
  1509 | D:2      | Noticed Terence
  1525 | D:2      | Killed Terence
  1525 | D:2      | Gained mutation: You sometimes gain power by taking damage. [demonic ancestry]
  1525 | D:2      | Reached XP level 4. HP: 31/35 MP: 4/4
  1669 | D:3      | Noticed a sky beast
  1737 | D:3      | Found a radiant altar of Vehumet.
  1891 | D:3      | Found a deep blue altar of Sif Muna.
  1895 | D:3      | Found a glowing drain.
  1957 | D:3      | XOM: butterfly on damage
  1972 | D:3      | Reached skill level 1 in Stealth
  2003 | D:3      | XOM: give mutations
  2003 | D:3      | Gained mutation: You are agile. (Dex +2) [Xom's grace]
  2003 | D:3      | Gained mutation: You are covered in fur. (AC +1) [Xom's grace]
  2003 | D:3      | Lost mutation: Scrolls take you a little longer to read. [Xom's grace]
  2003 | D:3      | Gained mutation: You have supernaturally acute eyesight. (SInv) [Xom's grace]
  2152 | Sewer    | Entered a sewer
  2221 | Sewer    | Noticed a big kobold
  2238 | Sewer    | XOM: confuse monster(s)
  2253 | Sewer    | XOM: enchant monster (bad)
  2254 | Sewer    | Killed a big kobold
  2254 | Sewer    | Reached skill level 1 in Short Blades
  2254 | Sewer    | Reached XP level 5. HP: 41/41 MP: 5/5
  2336 | Sewer    | XOM: 2-stop teleportation journey
  2356 | Sewer    | Found a white marble altar of Elyvilon.
  2520 | D:3      | XOM: smoke on damage
  2555 | D:3      | XOM: harmless Conj miscast
  2717 | D:3      | XOM: noise
  2747 | D:3      | XOM: polymorph goblin -> bat
  2805 | D:3      | Noticed a steam dragon
  2900 | D:4      | Lost mutation: You have a pair of small horns on your head. [demonic ancestry]
  2900 | D:4      | Gained mutation: You have a pair of small antennae on your head. [demonic ancestry]
  2900 | D:4      | Reached XP level 6. HP: 47/47 MP: 6/6
  3090 | D:4      | XOM: summons 3 hostile demons
  3235 | D:4      | XOM: silly message
  3236 | D:4      | XOM: swap monsters
  3243 | D:4      | XOM: summons friendly white imp
  3243 | D:4      | XOM: butterfly on damage
  3254 | D:4      | HP: 1/47 [orc priest/divine providence (12)]
  3256 | D:5      | Entered Level 5 of the Dungeon
  3695 | D:5      | Noticed an ice beast
  3703 | D:5      | Killed an ice beast
  3703 | D:5      | Reached skill level 1 in Throwing
  3736 | D:5      | Found a staircase to the Ecumenical Temple.
  3772 | D:5      | Learned a level 1 spell: Freeze
  3779 | D:5      | Noticed Eustachio
  3849 | D:4      | Found a glowing silver altar of Zin.
  3888 | D:4      | XOM: silly message
  3896 | D:4      | Found Bibischuh's Armour Shoppe.
  4029 | D:4      | Reached XP level 7. HP: 44/53 MP: 4/7
  4034 | D:4      | XOM: give mutations
  4034 | D:4      | Gained mutation: You are very dopey. (Int -4) [Xom's mischief]
  4034 | D:4      | Gained mutation: You are weak. (Str -2) [Xom's mischief]
  4034 | D:4      | Gained mutation: You are frail. (-10% HP) [Xom's mischief]
  4073 | D:4      | Learned a level 1 spell: Confusing Touch
  4283 | D:4      | XOM: butterfly on damage
  4290 | D:4      | Reached skill level 1 in Ice Magic
  4414 | D:4      | XOM: polymorph orc -> bat
  4525 | D:5      | XOM: god gift: 2 javelins of returning
  4533 | D:5      | XOM: repel stairs
  4535 | D:5      | XOM: 4-stop teleportation journey
  4550 | D:5      | Noticed Eustachio
  4550 | D:5      | Eustachio changed into Eustachio the bullfrog
  4550 | D:5      | XOM: polymorph Eustachio -> Eustachio the bullfrog
  4561 | D:5      | Killed Eustachio the bullfrog
  4561 | D:5      | Reached skill level 1 in Hexes
  4661 | D:5      | XOM: cleaving
  5117 | D:6      | Got a vibrating copper ring
  5432 | D:5      | Reached XP level 8. HP: 46/54 MP: 4/8
  5572 | D:6      | Found a basalt altar of Yredelemnul.
  5614 | D:6      | Noticed Duvessa
  5614 | D:6      | Noticed Dowan
  5639 | D:6      | Killed Dowan
  5690 | D:6      | XOM: fake destruction
  5693 | D:6      | XOM: scenery: create altars
  5693 | D:6      | XOM: butterfly on damage
  5702 | D:6      | XOM: butterfly on damage
  5706 | D:6      | Slain by Duvessa

Skill      XL: |  1  2  3  4  5  6  7  8 |
---------------+-------------------------+-----
Long Blades    | 3 4 |  4.6
Armour         | 2 3 |  3.8
Dodging        | 1 2 |  2.8
Stealth        | 1 2 |  2.2
Short Blades   | 1 2 3 |  3.3
Throwing       | 1 |  1.7
Ice Magic      | 1 |  1.9
Hexes          | 1 |  1.7
Fighting       | 4 |  4.0
Unarmed Combat | |  0.1
Spellcasting   | |  0.3
Evocations     | |  0.2

Action                   |  1- 3 |  4- 6 |  7- 9 || total
-------------------------+-------+-------+-------++-------
Melee: Falchion          |    40 |       |       ||    40
       Unarmed           |     5 |       |       ||     5
       Headbutt          |     4 |    20 |       ||    24
       Dagger            |    21 |   167 |    41 ||   229
       Rapier            |       |       |    71 ||    71
 Fire: Blowgun           |       |     5 |       ||     5
Throw: Javelin           |       |       |    25 ||    25
 Cast: Freeze            |       |     1 |     2 ||     3
       Confusing Touch   |       |       |     1 ||     1
Evoke: Wand              |       |     1 |     5 ||     6
  Use: Scroll            |     9 |     8 |       ||    17
       Potion            |     4 |     6 |     3 ||    13
 Stab: Confused          |       |     2 |       ||     2
       Sleeping          |       |     1 |     1 ||     2
  Eat: Chunk             |     2 |     4 |     2 ||     8
       Royal jelly       |       |     1 |       ||     1
       Bread ration      |       |     1 |       ||     1
       Beef jerky        |       |       |     1 ||     1
Armor: Leather armour    |    13 |    46 |    39 ||    98
       Skin              |     2 |       |       ||     2
Dodge: Dodged            |    29 |    91 |    66 ||   186
Block: Other             |     1 |    21 |    14 ||    36
       Reflection        |       |     1 |       ||     1
       Rpst.: Falchion   |     8 |       |       ||     8
